 Dungeon Crawl Stone Soup version 0.17.2-1-ge4368a0 (webtiles) character file.

400 Goblin1989 the Insei (level 7, -2/38 HPs)
             Began as a Kobold Transmuter on Aug 18, 2016.
             Killed from afar by an orc wizard (6 damage)
             ... with a magic dart
             ... on level 4 of the Dungeon.
             The game lasted 00:10:02 (4334 turns).

Goblin1989 the Insei (Kobold Transmuter)            Turns: 4334, Time: 00:10:02

Health: -2/38      AC:  3    Str: 10    XL:     7   Next: 10%
Magic:  10/10      EV: 15    Int: 11    God:
Gold:   143        SH:  0    Dex: 17    Spells: 3 memorised, 2 levels left

rFire  . . .     SeeInvis +       - Unarmed
rCold  . . .     Clarity  .     b - +0 robe
rNeg   . . .     SustAt   .     (shield restricted)
rPois  .         Gourm    .     (no helmet)
rElec  .         Spirit   .     g - +0 cloak
rCorr  .         Warding  .     (no gloves)
rMut   +         Stasis   .     (no boots)
MR     .....                    f - amulet of resist mutation
Stlth  ++........               (no ring)
                                m - ring of see invisible

@: not resistant to hostile enchantments, unstealthy
A: carnivore 3
a: no special abilities


You were on level 4 of the Dungeon.
You were completely stuffed.

You visited 1 branch of the dungeon, and saw 4 of its levels.

You collected 143 gold pieces.

Inventory:

Missiles
 a - 98 arrows
Armour
 b - a +0 robe (worn)
 g - a +0 cloak (worn)
Jewellery
 f - an amulet of resist mutation (around neck)
 m - a ring of see invisible (left hand)
 t - an uncursed amulet of resist corrosion
Scrolls
 c - a scroll of enchant armour {unknown}
 e - 2 scrolls of noise {unknown}
 j - 2 scrolls of recharging {unknown}
 n - 2 scrolls of enchant weapon {unknown}
 o - 5 scrolls of remove curse {unknown}
 p - a scroll of teleportation {unknown}
 s - 4 scrolls of identify {unknown}
Potions
 h - a potion of cancellation {unknown}
 i - 2 potions of curing {unknown}
 k - a potion of haste {unknown}
 l - a potion of brilliance {unknown}
 q - a potion of poison {unknown}
 r - a potion of resistance {unknown}
 u - a potion of mutation {unknown}
 v - 2 potions of might {unknown}
Comestibles
 d - 4 meat rations


   Skills:
 - Level 1.1 Fighting
 - Level 2.4 Dodging
 * Level 6.2 Unarmed Combat
 - Level 2.0 Spellcasting
 + Level 4.0 Transmutations


You had 2 spell levels left.
You knew the following spells:

 Your Spells              Type           Power        Failure   Level  Hunger
a - Beastly Appendage     Trmt           ##....       6%          1    ##.....
b - Sticks to Snakes      Trmt           ##........   10%         2    ###....
c - Blade Hands           Trmt           ##........   98%         5    ######.


Dungeon Overview and Level Annotations

Branches:
Dungeon (4/15)
 Temple: D:4-7

Altars:
Dithmenos

Shops:
D:4 }

Annotations:
D:4 Natasha


Innate Abilities, Weirdness & Mutations

You are small and have problems with some larger weapons.
You are carnivorous and can eat meat at any time.


Message History

Your Transmutations skill increases to level 4!
Natasha casts a spell at you. The magic dart hits you!
* * * LOW HITPOINT WARNING * * *
Things that are here:
a club; an orc corpse; an orc corpse You take 7 damage, and have 8/38 hp.
You barely miss Natasha. Natasha barely misses you.
You closely miss Natasha.
Natasha mumbles some strange words.
You barely miss Natasha. You closely miss Natasha. Natasha claws you.
* * * LOW HITPOINT WARNING * * *
You take 5 damage, and have 4/38 hp.
You barely miss Natasha. Natasha closely misses you.
You hit Natasha.
Natasha is lightly wounded.
The orc wizard gestures at you while chanting.
The magic dart hits you!
You die...

## #. ### ### # #.#
##.###.# #.#
#.####...##.######...#
#.............o.@h5.#
#.........#.######5.#
...#........# .#
........##### #
...####.# #.## #.# ..#
#.# ### #.# ## #.#


You could see an orc wizard, Natasha, a white imp and a shadow imp.

Vanquished Creatures
  Blork the orc (D:4)
  An orc wizard (D:4)
  2 hounds (D:4)
  A giant frog skeleton (D:4)
  An orc priest (D:3)
  Natasha (D:4)
  A hound skeleton (D:4)
  10 adders
  An ooze (D:3)
  A worm (D:2)
  A giant gecko (D:3)
  5 orcs
  10 bats
  4 giant cockroaches
  11 hobgoblins
  3 jackals (D:2)
  5 giant newts
  9 goblins
  7 kobolds
  3 quokkas
  5 rats
83 creatures vanquished.

Notes
Turn   | Place    | Note
--------------------------------------------------------------
     0 | D:1      | Goblin1989 the Kobold Transmuter began the quest for the Orb.
     0 | D:1      | Reached XP level 1. HP: 12/12 MP: 3/3
   100 | D:1      | Reached XP level 2. HP: 4/16 MP: 0/5
   723 | D:2      | Learned a level 2 spell: Sticks to Snakes
  1137 | D:2      | Reached XP level 3. HP: 20/20 MP: 6/6
  1507 | D:2      | HP: 1/20 [poisoned by an adder]
  1855 | D:2      | Reached skill level 4 in Unarmed Combat
  1855 | D:2      | Reached XP level 4. HP: 18/25 MP: 5/7
  2655 | D:3      | Reached XP level 5. HP: 26/29 MP: 6/8
  2788 | D:3      | Learned a level 5 spell: Blade Hands
  3175 | D:3      | Reached skill level 5 in Unarmed Combat
  3417 | D:4      | Reached XP level 6. HP: 29/34 MP: 7/9
  3710 | D:4      | Noticed Blork the orc
  3731 | D:4      | Killed Blork the orc
  3895 | D:4      | Found a shadowy altar of Dithmenos.
  3991 | D:4      | Noticed Natasha
  3998 | D:4      | Killed Natasha
  3998 | D:4      | Reached skill level 6 in Unarmed Combat
  4249 | D:4      | Found Boplittu's Gadget Boutique.
  4261 | D:4      | Reached XP level 7. HP: 38/38 MP: 10/10
  4324 | D:4      | Noticed Natasha
  4334 | D:4      | Killed from afar by an orc wizard

Action                   |  1- 3 |  4- 6 |  7- 9 || total
-------------------------+-------+-------+-------++-------
Melee: Unarmed           |   139 |   181 |    26 ||   346
 Cast: Beastly Appendage |     7 |    10 |     1 ||    18
       Sticks to Snakes  |     1 |     3 |       ||     4
 Stab: Sleeping          |     2 |     3 |       ||     5
  Eat: Chunk             |    10 |     9 |     1 ||    20
